 Dungeon Crawl Stone Soup version 0.27-a0-13-g87abb2d9eb (webtiles) character file.

Game seed: 5391000723145116432

132 pkoi the Ruffian (level 4, -5/38 HPs)
             Began as a Draconian Monk on Jan 2, 2021.
             Killed by divine providence
             ... invoked by an orc priest
              (12 damage)
             ... on level 3 of the Dungeon.
             The game lasted 00:02:07 (2533 turns).

pkoi the Ruffian (Draconian Monk)                   Turns: 2533, Time: 00:02:07

Health: -5/38      AC:  5    Str: 14    XL:     4   Next: 92%
Magic:  4/4        EV: 13    Int: 11    God:
Gold:   168        SH:  0    Dex: 13    Spells: 3/3 levels left

rFire    . . .     SeeInvis .     - Unarmed
rCold    . . .     Faith    .   (no shield)
rNeg     . . .     Spirit   .   (armour unavailable)
rPois    .         Reflect  .   (helmet restricted)
rElec    .         Harm     .   (no cloak)
rCorr    .         Rampage  .   (no gloves)
Will     .....                  (no boots)
Stlth    ++........             (no amulet)
HPRegen  0.12/turn              (no ring)
MPRegen  0.09/turn              (no ring)

@: no status effects
A: unfitting armour, cold-blooded, AC +5
a: no special abilities


You were on level 3 of the Dungeon.
You visited 1 branch of the dungeon, and saw 3 of its levels.

You collected 168 gold pieces.

Inventory:

Missiles
 a - 9 poisoned darts (quivered)
Jewellery
 i - an uncursed ring of magical power {unknown}
Scrolls
 c - a scroll of remove curse {unknown}
 f - 2 scrolls of identify {unknown}
Potions
 b - a potion of cancellation {unknown}
 d - a potion of curing {unknown}
 e - a potion of attraction {unknown}
 g - a potion of brilliance {unknown}
 h - a potion of degeneration {unknown}
 j - a potion of haste {unknown}
 k - a potion of lignification {unknown}


   Skills:
 - Level 3.2 Fighting
 + Level 3.1 Dodging
 - Level 1.7 Stealth
 * Level 5.4 Unarmed Combat


You had 3 spell levels left.
You didn't know any spells.
Your spell library was empty.

Dungeon Overview and Level Annotations

Branches:
Dungeon (3/15)

Altars:


Innate Abilities, Weirdness & Mutations

Your plain brown scales are hard. (AC +5)
You cannot fit into any form of body armour.
You are cold-blooded and may be slowed by cold attacks.


Message History

The orc priest is almost dead.
The orc hits you but does no damage. The gnoll hits you with a +0 club.
The orc priest misses you.
The orc priest hits you with a cursed -1 hand axe.
You hit the orc priest.
You kill the orc priest!
The orc closely misses you. The gnoll closely misses you.
A gnoll comes into view. It is wielding a +0 spear.
The orc priest invokes the aid of Beogh against you.
Beogh smites you!
* * * LOW HITPOINT WARNING * * *
Your Dodging skill increases to level 3!
You are too injured to fight recklessly!
You are too injured to fight recklessly!
You are too injured to fight recklessly!
You are too injured to fight recklessly!
The orc throws a stone.
The stone barely misses you.
The orc priest invokes the aid of Beogh against you.
Beogh smites you!
You die...

#.......# ...
#.......# ..#
#.......# ...#
#.......# ...#
#.......# ...
#.......###'#
########.....oog#.#..
.........[(.g.)......
.......(.(..@go.#....
...###.#......## .
#.#<.....<#
#.#.......#
#.#......$# #.##+#
#.#(......# #.##.#
#.#.......# #.##.#
#.#####+#.# #.##.#
#.# ..#


You could see an orc priest, 3 gnolls and 2 orcs.

Vanquished Creatures
  An orc priest (D:3)
  3 adders (D:2)
  A worm (D:2)
  4 dart slugs
  A leopard gecko (D:3)
  2 orcs
  7 bats
  3 giant cockroaches (D:1)
  9 hobgoblins
  9 jackals (D:1)
  A ball python (D:1)
  4 frilled lizards
  2 goblins
  7 kobolds
  6 rats
60 creatures vanquished.

Vanquished Creatures (others)
  A leopard gecko (D:1)
1 creature vanquished.

Grand Total: 61 creatures vanquished

Notes
Turn   | Place    | Note
-------+----------+-------------------------------------------
     0 | D:1      | pkoi the Draconian Monk began the quest for the Orb.
     0 | D:1      | Reached XP level 1. HP: 19/19 MP: 1/1
    81 | D:1      | Reached XP level 2. HP: 10/26 MP: 2/2
   468 | D:1      | Reached skill level 4 in Unarmed Combat
   649 | D:1      | Reached XP level 3. HP: 31/31 MP: 3/3
  1770 | D:2      | Reached XP level 4. HP: 34/38 MP: 4/4
  1887 | D:2      | Reached skill level 5 in Unarmed Combat
  2499 | D:3      | Found a faded altar of an unknown god.
  2533 | D:3      | Killed from afar by an orc priest

Illustrated notes

Levels and vault maps discovered:
D:1:      nicolae_arrival_memento_mori, layout_loops_corners
D:2:      layout_basic
D:3:      layout_basic, zin_scriptorium, kennysheep_vampire_church,
          chequers_ecumenical_altar_simple_redux,
          chequers_serial_rivers_micro_c, uniq_grinder

Skill      XL: |  1  2  3  4 |
---------------+-------------+-----
Unarmed Combat | 4 5 |  5.4
Dodging        | 3 |  3.1
Fighting       | |  3.2
Stealth        | |  1.7

Action                   |  1- 3 |  4- 6 || total
-------------------------+-------+-------++-------
Melee: Unarmed           |   134 |    38 ||   172
       Tailslap          |    19 |     4 ||    23
       Punch             |     2 |     1 ||     3
 Stab: Sleeping          |     9 |     3 ||    12
       Distracted        |     1 |       ||     1
Armor: Skin              |    33 |     9 ||    42
Dodge: Dodged            |    90 |    28 ||   118

Table legend: (Time is in decaauts)
 A = Elapsed time spent in this place.
 B = Non-inter-level travel time spent in this place.
 C = Inter-level travel time spent in this place.
 D = Time resting spent in this place.
 E = Time spent auto-exploring this place.
 F = Levels seen in this place.
 G = Mean time per level.
                   A        B        C        D        E       F      G
               +--------+--------+--------+--------+--------+-----+--------+
         Total |   2519 |   2384 |    135 |    233 |   1757 |   3 |  839.7 |
       Dungeon |   2519 |   2384 |    135 |    233 |   1757 |   3 |  839.7 |
               +--------+--------+--------+--------+--------+-----+--------+

Top non-repeatable levels by time:
     D:1: 1261 daAuts
     D:2: 1043 daAuts
     D:3: 214 daAuts
